 Dungeon Crawl Stone Soup version 0.30-a0-263-ge22c4ad894 (webtiles) character file.

Game seed: 14387112467979512171

121125 Sobieck the Bludgeoner (level 16, -8/183 HPs)
             Began as an Ogre Gladiator on Oct 12, 2022.
             Was the Champion of Okawaru.
             Mangled by a salamander
             ... wielding a +0 halberd
              (12 damage)
             ... on level 4 of the Snake Pit on Oct 13, 2022.
             The game lasted 01:13:52 (31618 turns).

Sobieck the Bludgeoner (Ogre Gladiator)            Turns: 31618, Time: 01:13:53

Health: -8/183     AC: 12    Str: 29    XL:     16   Next: 84%
Magic:  21/21      EV: 13    Int: 14    God:    Okawaru [******]
Gold:   2721       SH:  0    Dex: 14    Spells: 15/15 levels left

rFire   . . .      SeeInvis .    a - +6 giant spiked club of Ykioppol {spect, Will+++ Str-5 Int+5, mace}
rCold   . . .      Faith    .    (shield currently unavailable)
rNeg    . . .      Spirit   .    v - +0 troll leather armour
rPois   .          Reflect  .    c - +5 hat of Asonk {Dex+4}
rElec   .          Harm     .    m - +0 cloak
rCorr   .          Rampage  .    (gloves unavailable)
Will    ++++.                    (boots unavailable)
Stlth   +.........               r - amulet of the acrobat
HPRegen 1.30/turn                s - +4 ring of evasion
MPRegen 0.17/turn                P - +6 ring of strength

@: lethally poisoned (-8 -> -34), about to teleport, marked, slowed,
constricted, very slow
A: large, unfitting armour, tough skin 1
a: Renounce Religion, Heroism, Finesse, Duel


You were on level 4 of the Snake Pit.
You worshipped Okawaru.
Okawaru was exalted by your worship.
You visited 5 branches of the dungeon, and saw 27 of its levels.
You visited the Abyss 1 time.

You collected 2721 gold pieces.


Innate Abilities, Weirdness & Mutations

You are too large for most types of armour.
You have tough skin. (AC +1)


   Skills:
 + Level 17.4 Fighting
 * Level 20.3 Maces & Flails
 + Level 11.3 Throwing
 + Level 4.8 Armour
 + Level 5.7 Dodging
 + Level 6.9 Invocations


You had 15 spell levels left.
You didn't know any spells.
Your spell library contained the following spells:

 Spells                   Type           Power      Damage    Failure   Level
 Magic Dart               Conj           0%         1d3       32%         1
 Necrotise                Necr           0%         1d4       32%         1
 Sandblast                Erth           0%         2d4       32%         1
 Ensorcelled Hibernation  Hex/Ice        0%         N/A       43%         2
 Passwall                 Tmut/Erth      0%         N/A       43%         2
 Searing Ray              Conj           0%         2d4       43%         2
 Spider Form              Tmut/Pois      0%         N/A       67%         3
 Stone Arrow              Conj/Erth      0%         3d7       67%         3
 Swiftness                Air            0%         N/A       67%         3
 Vampiric Draining        Necr           0%         2d6       67%         3
 Airstrike                Air            0%         2d(0-16)  97%         4
 Anguish                  Hex/Necr       0%         N/A       97%         4
 Fulminant Prism          Conj/Hex       0%         3d6       97%         4
 Passage of Golubria      Tloc           0%         N/A       97%         4
 Agony                    Necr           0%         N/A       100%        5
 Lightning Bolt           Conj/Air       0%         1d11      100%        5
 Yara's Violent Unravell  Hex/Tmut       0%         3d3       100%        5
 Enfeeble                 Hex            0%         N/A       100%        7
 Borgnjor's Revivificati  Necr           0%         N/A       100%        8
 Necromutation            Tmut/Necr      0%         N/A       100%        8
 Death's Door             Necr           0%         N/A       100%        9
 Tukima's Dance           Hex            Unusable   N/A       N/A         3
 Summon Lightning Spire   Summ/Air       Unusable   N/A       N/A         4

Inventory:

Hand Weapons
 a - the +6 giant spiked club of Ykioppol (weapon) {spect, Will+++ Str-5 Int+5, mace}
   (Okawaru gifted it to you on level 4 of the Lair of Beasts)

   When its wielder attacks, the weapon's spirit leaps out and strikes again.
   The spirit shares a part of any damage it takes with its wielder.
   Str:       It affects your strength (-5).
   Int:       It affects your intelligence (+5).
   Will:      It greatly increases your willpower.
 j - the +7 battleaxe of Lishreus {freeze, Fly rPois rCorr Dex+4, axe}
   (You found it on level 3 of the Snake Pit)

   It freezes those it strikes, dealing additional cold damage.
   It can also slow down cold-blooded creatures.
   Dex:       It affects your dexterity (+4).
   rPois:     It protects you from poison.
   Fly:       It grants you flight.
   rCorr:     It protects you from acid and corrosion.
 F - a +7 spectral giant spiked club {mace}
   (You acquired it on level 2 of the Lair of Beasts)
 I - a +5 eveningstar of protection {macerare=g}
   (You took it off Louise in the Arena)
Missiles
 d - 4 throwing nets {=f!fthrowing}
 e - 13 large rocks (quivered) {=fthrowing}
 l - 2 curare-tipped darts {=fthrowing}
 w - 6 javelins {throwing}
 A - 59 stones {throwing}
 O - 14 poisoned darts {throwing}
 R - 6 atropa-tipped darts {throwing}
Armour
 c - the +5 hat of Asonk (worn) {Dex+4}
   (You acquired it on level 10 of the Dungeon)

   Dex:       It affects your dexterity (+4).
 m - a +0 cloak (worn)
   (You found it on level 2 of the Snake Pit)
 v - a +0 troll leather armour (worn)
   (You found it on level 12 of the Dungeon)
Jewellery
 b - an amulet of regeneration {@e2}
   (You found it on level 2 of the Lair of Beasts)
 o - a ring of resist corrosion
   (You found it on level 4 of the Dungeon)
 q - a ring of willpower
   (You found it on level 3 of the Lair of Beasts)
 r - an amulet of the acrobat (around neck)
   (You found it on level 2 of the Dungeon)
 s - a +4 ring of evasion (left hand)
   (You found it on level 2 of the Dungeon)
 x - a ring of positive energy
   (You found it on level 2 of the Dungeon)
 K - a +4 ring of evasion
   (You found it on level 8 of the Dungeon)
 P - a +6 ring of strength (right hand)
   (You found it on level 10 of the Dungeon)
 V - a ring of positive energy
   (You found it on level 1 of the Lair of Beasts)
 X - a +6 ring of intelligence
   (You found it on level 7 of the Dungeon)
 Z - a ring of magical power
   (You found it on level 1 of the Lair of Beasts)
Wands
 f - a wand of iceblast (6)
   (You found it on level 5 of the Lair of Beasts)
 D - a wand of light (5)
   (You found it on level 13 of the Dungeon)
 G - a wand of flame (37)
   (You found it on level 3 of the Dungeon)
 M - a wand of charming (7)
   (You found it on level 15 of the Dungeon)
Scrolls
 h - 5 scrolls of identify {@r1}
 p - 3 scrolls of magic mapping {!r}
 y - a scroll of silence {!r}
 B - 3 scrolls of immolation {!r!r}
 E - 5 scrolls of teleportation {@r4}
 W - 5 scrolls of vulnerability {!r!r}
 Y - 4 scrolls of poison {!r}
Potions
 g - a potion of flight
 i - 4 potions of brilliance
 k - 3 potions of resistance
 t - 6 potions of magic
 u - 3 potions of mutation {!q}
 z - 10 potions of attraction {!q}
 C - 3 potions of haste {@q3}
 H - 3 potions of cancellation
 L - 3 potions of lignification {!q}
 Q - 3 potions of berserk rage {!q}
 S - 4 potions of ambrosia
 T - 3 potions of invisibility
 U - 9 potions of curing {@q1}

Dungeon Overview and Level Annotations

Branches:
Dungeon (15/15) Zot: 25473  Temple (1/1) D:4 Zot: 5898    Lair (5/5) D:8 Zot: 21279
  Swamp (0/4) Lair:2        Snake (4/4) Lair:2 Zot: 19403   Slime (0/5) Lair:4
    Orc (2/2) D:11 Zot: 10345     Elf (0/3) Orc:2        Vaults (0/5) D:14
 Depths (0/4) D:15

Altars:
Ashenzari
Dithmenos
Elyvilon
Fedhas
Gozag
Hepliaklqana
Kikubaaqudgha
Makhleb
Nemelex Xobeh
Okawaru
Qazlal
Ru
Sif Muna
Trog
Uskayaw
Vehumet
Wu Jian
Xom
Yredelemnul
Zin
The Shining One
Jiyva

Shops:
D:1 (   D:5 *   Orc:1 *   Orc:2 =*([   Snake:2 *

Annotations:
D:2 exclusion: endoplasm, Sigmund
D:11 1 runed translucent door, Turueres's ghost, journeyman KoFi
Lair:1 2 transporters, HilariousDeathArtist's ghost, journeyman VSCK
Lair:2 exclusion: ice statue

#...#####.. #...##... #.....##
####...... ## ####......... .
#)###............ #..
###.##..N......^..
#...#####NSN.N÷S).........
8..N8...S@#######........)
.S§##..#NS#...###........
#####§.N....#####.... ####
#.#NS....###..###
##..###.+...⌠...#####
##.##.####........## ....
##..###.######.S....## .....
##.### #..#######..⌠..####
.....###.######.<#............##.


You could see a naga sharpshooter, 3 salamanders, an anaconda, a naga ritualist
(strong), a shock serpent, a mana viper, 2 guardian serpents, 2 black mambas, 2
naga magi and a naga.


Message History

Unknown command.
You bludgeon the black mamba!!
You kill the black mamba!
Okawaru accepts your kill. The black mamba bites you! x2
The naga mage spits poison at you. The splash of poison hits you.
You are poisoned.
The black mamba attacks as you move away!
The black mamba barely misses you.
You feel sick. The black mamba completely misses you.
You feel sick. The black mamba misses you.
You feel sick.
A naga warrior comes into view. It is wielding a +0 halberd.
A salamander tyrant comes into view.
An anaconda, 2 salamanders and a naga sharpshooter come into view.
You feel sick.
A black mamba comes into view.
The black mamba completely misses you.
The naga sharpshooter unwields a +0 halberd.
The naga sharpshooter wields a +0 shortbow.
The naga sharpshooter mumbles some strange words.
The naga sharpshooter magically shoots an arrow.
The arrow misses you. The anaconda grabs you. The anaconda closely misses you.
The anaconda constricts you.
The salamander moves out of view.
You impale the anaconda!!
Your +6 giant spiked club of Ykioppol {spect, Will+++ Str-5 Int+5, mace} hits the anaconda!!
You feel sick.
You are no longer poisoned.
The black mamba bites you.
A salamander comes into view. It is wielding a +0 halberd.
The anaconda bites your +6 giant spiked club of Ykioppol {spect, Will+++ Str-5 Int+5, mace}!
Your spectral weapon shares its damage with you!
The anaconda constricts you. The black mamba bites you.
The naga sharpshooter gestures wildly while chanting.
The naga sharpshooter magically shoots an arrow.
The arrow hits you.
Unknown command.
You catch the helpless anaconda completely off-guard!
You hit the anaconda.
Your +6 giant spiked club of Ykioppol {spect, Will+++ Str-5 Int+5, mace} barely misses the anaconda.
The anaconda misses you. The anaconda constricts you.
A mana viper comes into view.
The black mamba bites you!
You are poisoned.
You have difficulty breathing.
You feel yourself slow down.
The naga mage points at something and mumbles some strange words.
The anaconda misses you. The anaconda constricts you.
You hit the anaconda.
Your +6 giant spiked club of Ykioppol {spect, Will+++ Str-5 Int+5, mace} barely misses the anaconda.
You feel very sick. The black mamba bites you!
* * * LOW HITPOINT WARNING * * *
You are more poisoned.
You have difficulty breathing.
* * * LOW HITPOINT WARNING * * *
You feel as though you will be slow longer.
A guardian serpent comes into view.
The naga mage casts a spell at something.
The anaconda bites you but does no damage.
The anaconda constricts you. The black mamba barely misses you.
The guardian serpent coils itself and waves its upper body at something.
The salamander blinks!
The black mamba blinks into view!
A naga ritualist comes into view. It is wielding a +0 war axe.
The naga warrior roars a battlecry!
The nagas go into a battle-frenzy!
The anaconda barely misses you. The anaconda constricts you.
* * * LOW HITPOINT WARNING * * *
Unknown command.
As you read the scroll of teleportation {@r4}, it crumbles to dust.
You feel strangely unstable.
You feel extremely sick. The black mamba bites you!
* * * LOW HITPOINT WARNING * * *
You are more poisoned.
The black mamba poisons you! The black mamba closely misses you.
A guardian serpent comes into view.
The anaconda closely misses you. The anaconda constricts you.
* * * LOW HITPOINT WARNING * * *
The black mamba bites you but does no damage.
The black mamba bites you.
* * * LOW HITPOINT WARNING * * *
The naga closely misses you.
The salamander hits you with a +0 halberd!!
* * * LOW HITPOINT WARNING * * *
You are engulfed in flames!
* * * LOW HITPOINT WARNING * * *
The naga sharpshooter mumbles some strange words.
The naga sharpshooter magically shoots an arrow.
The arrow misses you.
A shock serpent comes into view.
The anaconda closely misses you. The anaconda constricts you.
* * * LOW HITPOINT WARNING * * *
The black mamba barely misses you. The black mamba bites you!
* * * LOW HITPOINT WARNING * * *
The salamander hits you with a +0 halberd!
You die...

Skill      XL: |  1  2  3  4  5  6  7  8  9 10 11 12 13 14 15 16 |
---------------+-------------------------------------------------+-----
Maces & Flails | 3 4 5 6 8 10 12 14 16 19 20 | 20.3
Fighting       | 4 5 7 11 12 14 15 16 17 | 17.4
Throwing       | 3 4 5 6 7 9 10 11 | 11.3
Invocations    | 3 5 6 |  6.9
Dodging        | 4 5 |  5.7
Armour         | 1 4 |  4.8

Action                   |  1- 3 |  4- 6 |  7- 9 | 10-12 | 13-15 | 16-18 || total
-------------------------+-------+-------+-------+-------+-------+-------++-------
Melee: Flail             |    17 |       |       |       |       |       ||    17
       Quarterstaff      |    53 |   120 |   251 |   557 |       |       ||   981
       Giant spiked club |       |       |       |    29 |   568 |   135 ||   732
 Fire: Sling             |    50 |    70 |    11 |       |       |       ||   131
Throw: Boomerang         |       |       |    94 |   134 |    26 |    65 ||   319
       Large rock        |       |       |     3 |    28 |    92 |    65 ||   188
       Throwing net      |       |       |     2 |     2 |       |       ||     4
       Dart              |       |       |       |    53 |     2 |       ||    55
       Stone             |       |       |       |    66 |    62 |       ||   128
       Javelin           |       |       |       |       |       |     9 ||     9
Invok: Heroism           |       |       |     1 |     7 |     6 |     1 ||    15
       Duel              |       |       |       |       |     3 |       ||     3
       Finesse           |       |       |       |       |     2 |       ||     2
  Use: Scroll            |       |    14 |     9 |     8 |     7 |     3 ||    41
       Potion            |       |     2 |     2 |     2 |     6 |     2 ||    14
 Stab: Held in net/web   |       |       |     1 |     2 |       |       ||     3
       Distracted        |       |       |       |       |     7 |     3 ||    10
Armor: Robe              |    17 |    12 |    45 |    60 |     8 |       ||   142
       Steam dragon scal |       |       |       |       |    43 |       ||    43
       Troll leather arm |       |       |       |       |    49 |    33 ||    82
       Animal skin       |       |       |       |       |     7 |       ||     7
Dodge: Dodged            |    41 |    73 |   161 |   312 |   589 |   173 ||  1349

Levels and vault maps discovered:
D:1:      nagdon_arrival_zigzag_paths, layout_basic, serial_shops,
          nicolae_shop_bloodbath_and_beyond
D:2:      layout_basic, basic_altar, uniq_sigmund, uniq_terence
D:3:      layout_loops_ring, elyvilon_altar_3, zin_scriptorium,
          chequers_ecumenical_altar_simple_redux, serial_undead,
          serial_undead_d, serial_undead_b, serial_undead_b, serial_undead_c
D:4:      layout_cave_pools, minmay_temple_entry_overgrown, uniq_edmund,
          uniq_ijyb, uniq_blork_the_orc
D:5:      layout_cave_pods, nicolae_shop_gadgets
D:6:      layout_loops_ring, tso_altar, grunt_gozag_statues, uniq_grinder
D:7:      layout_basic, xom_redecorated, minmay_misc_feat_iff
D:8:      layout_basic, nicolae_uskayaw_en_pointe, due_lair_maze_entry_diamond,
          minmay_misc_feat_tiny, minivault_26, eino_tiny_chamber, uniq_psyche
D:9:      layout_loops_corners, uniq_harold, uniq_joseph
D:10:     layout_roguey [special_room_orc], nicolae_wu_jian_immortal_techniques
D:11:     layout_stronghold, erik_orc_1, ebering_ghost_funeral_grove
D:12:     layout_basic
D:13:     nicolae_cairo_tiling_very_big, layout_loops_cross
D:14:     layout_rooms, skrybe_vaults_entry_preservation, grunt_decor_cap
D:15:     hangedman_depths_entry_try_elsewhere_first, layout_rooms,
          moated_statue, uniq_nessos, uniq_louise, uniq_azrael
Temple:   regret_index_temple_waves
Lair:1:   layout_cave_pods, gammafunk_ghost_arena, minivault_26
Lair:2:   layout_regular_city, minmay_swamp_entry_worms,
          minmay_snake_entry_guardpost_large, st_stairs_11, ice2_lemuel
Lair:3:   layout_regular_city
Lair:4:   layout_cave_pods, slime_entry_1
Lair:5:   cheibrodos_lair_end_hotspot, layout_regular_city,
          chequers_serial_rivers_small_a
Snake:1:  layout_onion, serial_bayou_shore_b, nicolae_integral_box,
          grunt_megastairs_5
Snake:2:  layout_concentric_octagons, basic_altar,
          nicolae_shop_overcharged_wands
Snake:3:  layout_misc_corridors, serial_bayou_shore_b
Snake:4:  hellmonk_snake_rune_quicksilver_temple, layout_chambers,
          grunt_megastairs_3, uniq_vashnia
Orc:1:    layout_diamond_mine, special_room [special_room_orc], serial_shops,
          nicolae_diamond_shop
Orc:2:    grunt_orc_gardens, layout_caves, grunt_orc_garden, grunt_orc_garden,
          grunt_orc_garden, grunt_orc_garden, abandoned_shop

Notes
Turn   | Place    | Note
-------+----------+-------------------------------------------
     0 | D:1      | Sobieck the Ogre Gladiator began the quest for the Orb.
     0 | D:1      | Reached XP level 1. HP: 22/22 MP: 1/1
   155 | D:1      | Reached skill level 3 in Maces & Flails
   212 | D:1      | Reached XP level 2. HP: 29/29 MP: 2/2
   393 | D:1      | Reached XP level 3. HP: 36/36 MP: 3/3
   581 | D:1      | Found Ziahewk's Weapon Boutique.
   975 | D:2      | Reached skill level 4 in Maces & Flails
  1198 | D:2      | Noticed Sigmund
  1303 | D:2      | Reached XP level 4. HP: 44/44 MP: 4/4
  1307 | D:2      | Noticed Terence
  1331 | D:2      | HP: 4/39 [Terence/the +7 Throatcutter {drain, coup de
                  | grace} (8)]
  1331 | D:2      | HP: 1/38 [Terence/the +7 Throatcutter {drain, coup de
                  | grace} (3)]
  1332 | D:2      | Killed Terence
  1610 | D:2      | Found a bloodstained altar of Trog.
  2120 | D:3      | Reached skill level 5 in Maces & Flails
  2205 | D:3      | Reached XP level 5. HP: 50/50 MP: 5/5
  2233 | D:3      | Reached skill level 3 in Fighting
  2605 | D:3      | Found a faded altar of an unknown god.
  2717 | D:3      | Reached skill level 4 in Fighting
  2721 | D:3      | Found a white marble altar of Elyvilon.
  2833 | D:3      | Found a glowing silver altar of Zin.
  2982 | D:4      | Noticed Blork the orc
  2988 | D:4      | Reached skill level 3 in Throwing
  3006 | D:3      | Killed Blork the orc
  3007 | D:3      | Reached XP level 6. HP: 42/63 MP: 6/6
  3252 | D:4      | Found a staircase to the Ecumenical Temple.
  3263 | Temple   | Entered the Ecumenical Temple
  3345 | Temple   | Became a worshipper of Warmaster Okawaru
  3453 | D:4      | Noticed Edmund
  3462 | D:4      | Killed Edmund
  3463 | D:4      | Reached skill level 5 in Fighting
  3463 | D:4      | Reached skill level 4 in Throwing
  3603 | D:4      | Noticed Ijyb
  3628 | D:4      | Killed Ijyb
  3629 | D:4      | Reached XP level 7. HP: 64/72 MP: 7/7
  3842 | D:5      | Entered Level 5 of the Dungeon
  3914 | D:5      | Reached skill level 6 in Fighting
  4100 | D:5      | Reached * piety under Okawaru
  4139 | D:5      | Reached skill level 5 in Throwing
  4332 | D:4      | Reached skill level 7 in Fighting
  4515 | D:5      | Reached XP level 8. HP: 57/87 MP: 8/8
  5009 | D:5      | You add the spells Borgnjor's Revivification, Necromutation
                  | and Death's Door to your library.
  5014 | D:5      | Reached skill level 8 in Fighting
  5014 | D:5      | Reached skill level 6 in Throwing
  5052 | D:5      | Found Pipries's Gadget Gallery.
  5091 | D:5      | Reached ** piety under Okawaru
  5116 | D:5      | You pick up a book of Dreams and begin reading...
  5116 | D:5      | You add the spells Ensorcelled Hibernation, Spider Form and
                  | Anguish to your library.
  5217 | D:6      | Reached skill level 9 in Fighting
  5308 | D:6      | Reached skill level 10 in Fighting
  5332 | D:6      | Found a glowing golden altar of the Shining One.
  5390 | D:6      | Noticed Grinder
  5397 | D:6      | Paralysed by Grinder for 2 turns
  5406 | D:6      | Killed Grinder
  5406 | D:6      | Reached *** piety under Okawaru
  5407 | D:6      | Reached skill level 11 in Fighting
  5407 | D:6      | Reached XP level 9. HP: 105/105 MP: 9/9
  5481 | D:6      | Reached skill level 1 in Invocations
  5502 | D:6      | Reached skill level 3 in Dodging
  5902 | D:6      | Found an opulent altar of Gozag.
  6326 | D:7      | You pick up a book of Maledictions and begin reading...
  6440 | D:7      | Found a shimmering altar of Xom.
  6443 | D:7      | Found a shimmering altar of Xom.
  6443 | D:7      | Found a shimmering altar of Xom.
  6443 | D:7      | Found a shimmering altar of Xom.
  6443 | D:7      | Found a shimmering altar of Xom.
  6444 | D:7      | Found a shimmering altar of Xom.
  6470 | D:7      | Reached skill level 2 in Invocations
  6496 | D:7      | HP: 24/105 [poisoned by a gnoll sergeant]
  6501 | D:7      | HP: 15/105 [poisoned by a gnoll sergeant]
  6506 | D:7      | HP: 12/105 [poisoned by a gnoll sergeant]
  6802 | D:7      | Noticed a hornet
  6806 | D:7      | Paralysed by a hornet for 1 turns
  6811 | D:7      | Killed a hornet
  6811 | D:7      | Reached **** piety under Okawaru
  6811 | D:7      | Received a gift from Okawaru
  6812 | D:7      | Reached skill level 6 in Maces & Flails
  6996 | D:7      | Reached skill level 3 in Invocations
  7002 | D:7      | Reached skill level 4 in Dodging
  7287 | D:8      | Noticed a two-headed ogre
  7297 | D:8      | Killed a two-headed ogre
  7297 | D:8      | Reached ***** piety under Okawaru
  7298 | D:8      | Reached skill level 12 in Fighting
  7298 | D:8      | Reached skill level 7 in Throwing
  7298 | D:8      | Reached XP level 10. HP: 78/115 MP: 9/12
  7307 | D:8      | Reached skill level 7 in Maces & Flails
  7501 | D:8      | Received a gift from Okawaru
  7603 | D:8      | Noticed Psyche
  7612 | D:8      | Reached skill level 4 in Invocations
  7681 | D:8      | Killed Psyche
  8058 | D:8      | Found a staircase to the Lair.
  8178 | D:8      | You pick up a book of Burglary and begin reading...
  8178 | D:8      | You add the spells Passwall and Swiftness to your library.
  8376 | D:8      | Noticed a +0 spear
  8376 | D:8      | Noticed a +0 spear
  8377 | D:8      | Noticed a +0 dagger
  8383 | D:8      | Noticed a +0 dagger
  8389 | D:8      | Found a hide-covered altar of Uskayaw.
  8389 | D:8      | Noticed a +0 short sword
  8390 | D:8      | Noticed a +0 short sword
  8391 | D:8      | Noticed a +0 falchion
  8399 | D:8      | Noticed a +0 falchion
  8556 | D:8      | You pick up a book of Storms and begin reading...
  8556 | D:8      | You add the spells Airstrike and Lightning Bolt to your
                  | library.
  8580 | D:8      | Reached skill level 5 in Dodging
  8684 | D:8      | Received a gift from Okawaru
  8792 | D:9      | Reached skill level 8 in Maces & Flails
  8792 | D:9      | Reached skill level 5 in Invocations
  8821 | D:9      | Noticed Harold
  9342 | D:9      | Reached XP level 11. HP: 124/124 MP: 14/14
  9375 | D:9      | Reached skill level 8 in Throwing
  9676 | D:9      | Noticed Joseph
  9692 | D:9      | Killed Joseph
  9693 | D:9      | Reached skill level 13 in Fighting
  9896 | D:10     | Entered Level 10 of the Dungeon
  9977 | D:10     | Noticed a deep elf pyromancer
  9993 | D:10     | Killed a deep elf pyromancer
 10021 | D:9      | Noticed a two-headed ogre
 10034 | D:9      | HP: 27/127 [two-headed ogre/+0 giant club (23)]
 10035 | D:9      | Killed a two-headed ogre
 10036 | D:9      | Reached skill level 9 in Maces & Flails
 10036 | D:9      | Reached skill level 6 in Invocations
 10335 | Lair:1   | Entered Level 1 of the Lair of Beasts
 10483 | Lair:1   | Identified the +0 robe of Submission {Int+4} (Okawaru
                  | gifted it to you on level 1 of the Lair of Beasts)
 10483 | Lair:1   | Received a gift from Okawaru
 10570 | Lair:1   | Noticed a boulder beetle
 10576 | Lair:1   | Noticed HilariousDeathArtist's ghost (journeyman VSCK)
 10579 | Lair:1   | Found a transporter.
 10858 | Lair:1   | Found a transporter.
 11472 | Lair:1   | Paralysed by a hornet for 2 turns
 11733 | Lair:2   | Reached skill level 9 in Throwing
 11986 | Lair:2   | Reached skill level 10 in Maces & Flails
 12271 | Lair:2   | Reached skill level 14 in Fighting
 12271 | Lair:2   | Reached XP level 12. HP: 137/139 MP: 16/16
 13423 | Lair:2   | HP: 34/140 [blink frog (14)]
 13428 | Lair:2   | HP: 14/140 [blink frog (16)]
 13436 | Lair:2   | Reached skill level 11 in Maces & Flails
 14075 | Lair:2   | Received a gift from Okawaru
 14114 | Lair:2   | Found a staircase to the Swamp.
 14146 | Lair:2   | Identified a scroll of acquirement
 14147 | Lair:2   | Acquired a +2 spectral giant spiked club
 14319 | Lair:2   | Reached skill level 10 in Throwing
 14379 | Lair:2   | Received a gift from Okawaru
 14591 | Lair:2   | Found a staircase to the Snake Pit.
 14957 | Lair:3   | Received a gift from Okawaru
 14958 | Lair:3   | Reached skill level 15 in Fighting
 15103 | Lair:3   | Reached skill level 12 in Maces & Flails
 15238 | Lair:3   | Received a gift from Okawaru
 15277 | Lair:3   | Noticed a four-headed hydra
 15282 | Lair:3   | Killed a four-headed hydra
 15608 | Lair:3   | Reached XP level 13. HP: 146/150 MP: 17/17
 16198 | Lair:4   | Found a staircase to the Slime Pits.
 16198 | Lair:4   | Found a viscous altar of Jiyva.
 16302 | Lair:4   | Reached ****** piety under Okawaru
 16510 | Lair:4   | Reached skill level 11 in Throwing
 16711 | Lair:4   | Identified the +6 giant spiked club of Ykioppol {spect,
                  | Will+++ Str-5 Int+5} (Okawaru gifted it to you on level 4
                  | of the Lair of Beasts)
 16711 | Lair:4   | Received a gift from Okawaru
 17123 | Lair:5   | Entered Level 5 of the Lair of Beasts
 17182 | Lair:5   | You pick up a book of Necromancy and begin reading...
 17182 | Lair:5   | You add the spells Necrotise, Vampiric Draining and Agony
                  | to your library.
 17213 | Lair:5   | Reached skill level 13 in Maces & Flails
 17302 | Lair:5   | Reached skill level 16 in Fighting
 18061 | Lair:5   | You add the spells Passage of Golubria and Yara's Violent
                  | Unravelling to your library.
 18271 | Lair:5   | Received a gift from Okawaru
 18286 | Lair:5   | Identified the +3 quarterstaff "Fifi" {protect, rPois Str+3
                  | Dex+7 Stlth+} (Okawaru gifted it to you on level 5 of the
                  | Lair of Beasts)
 18286 | Lair:5   | Received a gift from Okawaru
 18294 | Lair:5   | HP: 28/154 [komodo dragon (25)]
 18635 | Lair:5   | Found a large runed translucent door.
 18636 | Lair:5   | Found a large runed translucent door.
 18654 | Lair:5   | Reached skill level 14 in Maces & Flails
 18654 | Lair:5   | Reached skill level 1 in Armour
 18837 | Lair:5   | Noticed a fire dragon
 18886 | Lair:5   | Killed a fire dragon
 19675 | D:10     | Acquired the +5 hat of Asonk {Dex+4}
 19725 | D:10     | Reached XP level 14. HP: 163/163 MP: 18/18
 19747 | D:10     | Found an ornate altar of the Wu Jian Council.
 19825 | D:10     | Identified the +7 chain mail of the True Pharaoh {Str+3
                  | Stlth-}
 20043 | D:11     | Noticed Turueres's ghost (journeyman KoFi)
 20043 | D:11     | Found a runed translucent door.
 20044 | D:11     | Identified the +4 trident of Ineps {pain, rF+ Str-4 SInv}
 20051 | D:11     | Reached skill level 2 in Armour
 20071 | D:11     | Reached skill level 17 in Fighting
 20565 | D:11     | Killed Harold
 20565 | D:11     | Received a gift from Okawaru
 21075 | D:11     | Identified the +0 animal skin "Xainilig" {Regen+ Str+4
                  | Int+5 Slay-5}
 21094 | D:11     | Found a staircase to the Orcish Mines.
 21687 | D:12     | Reached skill level 3 in Armour
 21721 | D:12     | Received a gift from Okawaru
 22308 | D:13     | You pick up a book of Conjurations {@e2} and begin
                  | reading...
 22308 | D:13     | You add the spells Magic Dart, Searing Ray and Fulminant
                  | Prism to your library.
 22327 | D:13     | Received a gift from Okawaru
 22328 | D:13     | Reached skill level 15 in Maces & Flails
 22761 | D:13     | You pick up a book of Geomancy and begin reading...
 22761 | D:13     | You add the spells Sandblast and Stone Arrow to your
                  | library.
 22825 | D:13     | Reached skill level 4 in Armour
 22911 | D:14     | Received a gift from Okawaru
 22972 | D:14     | HP: 33/166 [brown ugly thing (14)]
 23228 | D:14     | You pick up a book of Necromancy and begin reading...
 23351 | D:14     | Reached skill level 16 in Maces & Flails
 23594 | D:14     | Received a gift from Okawaru
 23646 | D:14     | Found a gate to the Vaults.
 23646 | D:14     | Noticed an ironbound preserver
 23653 | D:14     | Killed an ironbound preserver
 23654 | D:14     | Reached XP level 15. HP: 160/174 MP: 19/19
 23658 | D:14     | Identified the +4 robe of Forking Paths {*Slow rN+ Str+3
                  | Dex+3} (Okawaru gifted it to you on level 14 of the
                  | Dungeon)
 23658 | D:14     | Received a gift from Okawaru
 23708 | D:15     | Entered Level 15 of the Dungeon
 23709 | D:15     | Noticed Azrael
 23710 | D:15     | Noticed Louise
 23711 | D:15     | Noticed Nessos
 23766 | Arena    | Entered the Arena
 23767 | Arena    | Killed Louise
 23768 | Arena    | Reached skill level 17 in Maces & Flails
 23771 | Arena    | I - a +5 eveningstar of protection {macerare=g}
 23787 | D:15     | Killed Nessos
 24083 | D:15     | Killed Azrael
 24506 | D:15     | Found a staircase to the Depths.
 24803 | Orc:1    | Entered Level 1 of the Orcish Mines
 24814 | Orc:1    | Found Varph's Assorted Antiques.
 24976 | D:11     | HP: 38/174 [orc warrior/+0 battleaxe (6)]
 25522 | Orc:2    | Entered Level 2 of the Orcish Mines
 25538 | Orc:2    | Reached skill level 18 in Maces & Flails
 25572 | Orc:2    | Found Piddujum's Antique Weapon Emporium.
 25652 | Orc:2    | Found a staircase to the Elven Halls.
 25734 | Orc:2    | Found Muhetan's General Store.
 26024 | Orc:2    | Noticed an orc warlord
 26133 | Arena    | Entered the Arena
 26137 | Arena    | Killed an orc warlord
 26163 | Orc:1    | HP: 41/174 [orc knight/+0 long sword (16)]
 26164 | Arena    | Entered the Arena
 26186 | Orc:1    | HP: 37/174 [orc warrior/+0 morningstar (13)]
 26350 | Orc:2    | Noticed an orc warlord
 26396 | Orc:1    | Killed an orc warlord
 26621 | Orc:2    | Found Nehuwn's Jewellery Emporium.
 26760 | Orc:2    | Found Jentarr's Antique Armour Boutique.
 26982 | Snake:1  | Entered Level 1 of the Snake Pit
 27006 | Snake:1  | You are cast into the Abyss!
 27006 | Abyss:2  | Cast into level 2 of the Abyss (salamander)
 27081 | Snake:1  | You pass through the gate.
 27081 | Snake:1  | Escaped the Abyss
 27138 | Snake:1  | Identified the +4 shortbow of Success {flame, Int+3}
                  | (Okawaru gifted it to you on level 1 of the Snake Pit)
 27138 | Snake:1  | Received a gift from Okawaru
 27343 | Snake:1  | Reached skill level 19 in Maces & Flails
 27650 | Snake:1  | Reached XP level 16. HP: 183/183 MP: 20/20
 28404 | Snake:1  | Upgraded the game from 0.30-a0-250-g41c1d76940 to
                  | 0.30-a0-263-ge22c4ad894
 29014 | Snake:2  | Found a basalt altar of Yredelemnul.
 29064 | Snake:2  | Identified the +3 arbalest of the Orb {elec, Will++}
                  | (Okawaru gifted it to you on level 2 of the Snake Pit)
 29064 | Snake:2  | Received a gift from Okawaru
 29125 | Snake:2  | Found Gicocar's Overcharged Wands.
 29468 | Snake:2  | Reached skill level 20 in Maces & Flails
 29578 | Snake:3  | HP: 43/183 [black mamba[a naga] (7)]
 29579 | Snake:3  | HP: 17/183 [anaconda[a naga] (10)]
 30186 | Snake:3  | Received a gift from Okawaru
 30367 | Snake:3  | Identified the +7 battleaxe of Lishreus {freeze, Fly rPois
                  | rCorr Dex+4}
 30873 | Snake:4  | Entered Level 4 of the Snake Pit
 31618 | Snake:4  | HP: 28/183 [salamander/+0 halberd (19)]
 31618 | Snake:4  | HP: 13/183 [constriction (3)]
 31618 | Snake:4  | HP: 4/183 [black mamba (9)]
 31618 | Snake:4  | Mangled by a salamander

Vanquished Creatures
  2 orc warlords
  An ironbound preserver (D:14)
  Louise (Arena)
  Nessos (D:15)
  A dire elephant (D:15)
  Azrael (D:15)
  A fire dragon (Lair:5)
  A great orb of eyes (D:15)
  Harold (D:11)
  An ogre mage (D:14)
  A rakshasa (D:14)
  4 hydras
  8 anacondas
  5 two-headed ogres
  4 centaur warriors
  5 death yaks
  8 naga warriors
  7 shock serpents
  2 orc high priests (Orc:2)
  2 naga sharpshooters
  A sixfirhy (Abyss:2)
  A salamander mystic (Snake:2)
  4 skeletal warriors (D:14)
  4 naga ritualists
  A lindwurm (Lair:5)
  6 mana vipers
  8 orc knights
  3 orc sorcerers
  A deep elf pyromancer (D:10)
  A wolf spider (D:14)
  A manticore (D:15)
  A worldbinder (Abyss:2)
  2 cyclopes (D:14)
  14 ugly things
  Joseph (D:9)
  11 salamanders
  3 elephants (Lair:3)
  3 molten gargoyles (Lair:5)
  30 black mambas
  8 naga magi
  3 guardian serpents
  An unseen horror (shapeshifter) (D:14)
  2 gargoyles (D:11)
  Psyche (D:8)
  9 cane toads
  2 unseen horrors
  A rime drake (Lair:2)
  12 komodo dragons
  2 tengu conjurers (D:12)
  3 meliai (D:15)
  7 trolls
  Grinder (D:6)
  3 tyrant leeches (Lair:2)
  3 polar bears
  2 hornets
  8 blink frogs
  11 slime creatures
  A centaur simulacrum (D:14)
  3 wraiths
  43 yaks
  4 wyverns
  3 fire elementals
  A golden eye (shapeshifter) (D:13)
  3 steam dragons
  9 vampire mosquitoes
  5 basilisks
  39 nagas
  4 wargs (Orc:2)
  Edmund (D:4)
  A swamp worm (Lair:2)
  An acid dragon (D:13)
  9 hell hounds
  20 water moccasins
  9 ice beasts
  4 black bears
  A swamp drake (D:11)
  51 orc warriors
  2 sky beasts (D:8)
  10 ogres
  3 centaurs
  12 wolves
  Blork the orc (D:3)
  A kobold brigand (D:9)
  2 gnoll sergeants
  12 bullfrogs
  6 scorpions
  3 wights (D:8)
  22 killer bees
  3 howler monkeys (D:10)
  4 lava snakes (Lair:5)
  A centaur zombie (D:3)
  4 jellies
  A gnoll bouda (D:4)
  21 orc priests
  3 hounds
  5 iguanas
  Ijyb (D:4)
  Terence (D:2)
  18 orc wizards
  A hound zombie (D:3)
  A hound skeleton (D:3)
  13 gnolls
  6 adders
  A shadow imp (D:6)
  2 white imps
  An adder zombie (D:3)
  3 worms
  3 dart slugs
  99 orcs
  5 ball pythons
  2 bats
  7 endoplasms
  2 giant cockroaches
  4 goblins
  7 hobgoblins
  11 jackals
  2 quokkas
  A ball python skeleton (D:3)
  4 frilled lizards
  8 kobolds
  4 rats
767 creatures vanquished.

Vanquished Creatures (others)
  4 orcs
  61 fungi
  46 plants
111 creatures vanquished.

Grand Total: 878 creatures vanquished

Table legend:
 A = Non-vault XP
 B = Vault XP
 C = Vault XP percentage of total XP
 D = Non-vault monster count
 E = Vault monster count
 F = Vault count percentage of total count
                 A         B        C        D         E       F
            +---------+---------+-------+---------+---------+-------
      Total |  128696 |   44340 |  25.6 |     577 |     190 |  24.8
            +---------+---------+-------+---------+---------+-------
        D:1 |      48 |       0 |   0.0 |      25 |       0 |   0.0
        D:2 |      52 |      36 |  40.9 |      13 |       1 |   7.1
        D:3 |      79 |     187 |  70.3 |      22 |       6 |  21.4
        D:4 |      97 |     198 |  67.1 |      11 |       2 |  15.4
        D:5 |     977 |       0 |   0.0 |      24 |       0 |   0.0
        D:6 |    1025 |     300 |  22.6 |      24 |       1 |   4.0
        D:7 |    1521 |       0 |   0.0 |      19 |       0 |   0.0
        D:8 |    2497 |    1331 |  34.8 |      29 |       9 |  23.7
        D:9 |    3105 |     486 |  13.5 |      23 |       1 |   4.2
       D:10 |    2498 |     378 |  13.1 |      29 |      25 |  46.3
       D:11 |    3242 |    2845 |  46.7 |      18 |      27 |  60.0
       D:12 |    3629 |       0 |   0.0 |      25 |       0 |   0.0
       D:13 |    5932 |       0 |   0.0 |      17 |       0 |   0.0
       D:14 |   16447 |    5426 |  24.8 |      33 |      11 |  25.0
       D:15 |    2850 |    5979 |  67.7 |       8 |      12 |  60.0
     Lair:1 |    4055 |       0 |   0.0 |      19 |       0 |   0.0
     Lair:2 |    6482 |    3788 |  36.9 |      33 |      21 |  38.9
     Lair:3 |    7394 |       0 |   0.0 |      25 |       0 |   0.0
     Lair:4 |    5277 |       0 |   0.0 |      12 |       0 |   0.0
     Lair:5 |    4074 |    9554 |  70.1 |      11 |      30 |  73.2
    Snake:1 |   13828 |     996 |   6.7 |      25 |       2 |   7.4
    Snake:2 |   11462 |       0 |   0.0 |      24 |       0 |   0.0
    Snake:3 |   19446 |     784 |   3.9 |      45 |       3 |   6.2
    Snake:4 |    5500 |     964 |  14.9 |      11 |       2 |  15.4
      Orc:1 |    2379 |    2740 |  53.5 |      19 |      12 |  38.7
      Orc:2 |    3501 |    5415 |  60.7 |      31 |      22 |  41.5
    Abyss:2 |    1299 |       0 |   0.0 |       2 |       0 |   0.0
      Arena |       0 |    2933 | 100.0 |       0 |       3 | 100.0
            +---------+---------+-------+---------+---------+-------

Illustrated notes

Table legend:
 A = Kills in this place as a percentage of kills in entire the game.
 B = Kills by you in this place as a percentage of kills by you in the entire game.
 C = Kills by friends in this place as a percentage of kills by friends in the entire game.
 D = Other kills in this place as a percentage of other kills in the entire game.
 E = Experience gained in this place as a percentage of experience gained in the entire game.
 F = Experience gained in this place divided by the number of levels of this place that you have seen.
                   A       B       C       D       E      F
               +-------+-------+-------+-------+-------+----------------------
         Total | 100.0 | 100.0 |   N/A |   N/A | 100.0 | 5581.8
       Dungeon |  54.1 |  54.1 |   N/A |   N/A |  35.3 | 4077.7
          Lair |  19.7 |  19.7 |   N/A |   N/A |  23.5 | 8124.8
     Snake Pit |  14.6 |  14.6 |   N/A |   N/A |  30.6 | 13245.0
  Orcish Mines |  11.0 |  11.0 |   N/A |   N/A |   8.1 | 7017.5
         Abyss |   0.3 |   0.3 |   N/A |   N/A |   0.8 | 1299.0
         Arena |   0.4 |   0.4 |   N/A |   N/A |   1.7 | 977.7
               +-------+-------+-------+-------+-------+----------------------

Table legend: (Time is in decaauts)
 A = Elapsed time spent in this place.
 B = Non-inter-level travel time spent in this place.
 C = Inter-level travel time spent in this place.
 D = Time resting spent in this place.
 E = Time spent auto-exploring this place.
 F = Levels seen in this place.
 G = Mean time per level.
                   A        B        C        D        E       F      G
               +--------+--------+--------+--------+--------+-----+--------+
         Total |  31330 |  30011 |   1319 |   6722 |  17709 |  31 | 1010.6 |
       Dungeon |  16127 |  15286 |    841 |   3118 |   9615 |  15 | 1075.1 |
        Temple |    101 |     82 |     19 |      0 |     64 |   1 |  101.0 |
          Lair |   8720 |   8432 |    288 |   2274 |   4804 |   5 | 1744.0 |
     Snake Pit |   4594 |   4494 |    100 |   1015 |   2328 |   4 | 1148.5 |
  Orcish Mines |   1654 |   1584 |     70 |    273 |    841 |   2 |  827.0 |
         Abyss |     74 |     74 |      0 |      0 |     57 |   1 |   74.0 |
         Arena |     57 |     57 |      0 |     41 |      0 |   3 |   19.0 |
               +--------+--------+--------+--------+--------+-----+--------+

Top non-repeatable levels by time:
  Lair:2: 3045 daAuts
    D:11: 1755 daAuts
  Lair:5: 1738 daAuts
     D:5: 1534 daAuts
     D:9: 1468 daAuts
     D:8: 1455 daAuts
  Lair:4: 1419 daAuts
 Snake:2: 1402 daAuts
 Snake:1: 1391 daAuts
  Lair:1: 1369 daAuts
    D:10: 1302 daAuts
 Snake:3: 1255 daAuts
  Lair:3: 1147 daAuts
     D:2: 1137 daAuts
     D:3: 1012 daAuts
